 Dungeon Crawl Stone Soup version 0.25.0-1-g7eea58d (webtiles) character file.

Game seed: 17234697866360639774

1981 GeorgeSoros the Spear-Bearer (level 9, -7/71 (72) HPs)
             Began as a Merfolk Ice Elementalist on June 13, 2020.
             Was a Follower of Makhleb.
             Mangled by an ice beast (21 damage)
             ... on level 6 of the Dungeon.
             The game lasted 00:37:59 (7208 turns).

GeorgeSoros the Spear-Bearer (MfIE)                 Turns: 7208, Time: 00:38:00

HP:   -7/71 (72)    AC:  3    Str:  9    XL:     9   Next: 20%
MP:   12/12         EV: 13    Int: 17    God:    Makhleb [*.....]
Gold: 267           SH:  0    Dex: 14    Spells: 5/12 levels left

rFire    + . .     SeeInvis .   h - +2 spear (vamp)
rCold    x . .     Gourm    .   (no shield)
rNeg     + . .     Faith    .   g - +0 robe
rPois    .         Spirit   .   (no helmet)
rElec    .         Reflect  .   (no cloak)
rCorr    .         Harm     .   (no gloves)
MR       .....                  i - +0 pair of boots
Stlth    ++........             (no amulet)
HPRegen  0.21/turn              m - ring of positive energy
MPRegen  0.13/turn              o - ring of fire

@: no status effects
A: change form in water, swift swim, stealthy swim
a: Renounce Religion


You were on level 6 of the Dungeon.
You worshipped Makhleb.
Makhleb was aware of your devotion.
You were not hungry.

You visited 2 branches of the dungeon, and saw 7 of its levels.

You collected 267 gold pieces.

Inventory:

Hand Weapons
 a - a +2 dagger of speed
 h - a +2 vampiric spear (weapon)
 u - a +3 trident
Armour
 g - a +0 robe (worn)
 i - a +0 pair of boots (worn)
Jewellery
 m - a ring of positive energy (left hand)
 n - an uncursed ring of stealth
 o - a ring of fire (right hand)
Wands
 p - a wand of acid (5)
 r - a wand of paralysis (13)
Scrolls
 j - 5 scrolls of teleportation
 l - 3 scrolls of identify
 q - 2 scrolls of remove curse
 t - 2 scrolls of fog
 v - a scroll of immolation
Potions
 b - a potion of curing
 d - a potion of brilliance
 e - a potion of might
 f - a potion of heal wounds
 k - a potion of mutation
 s - a potion of lignification
 w - a potion of haste
 x - a potion of resistance
Comestibles
 c - 12 rations
 z - 4 chunks of flesh


   Skills:
 + Level 7.2 Fighting
 + Level 8.5 Polearms
 + Level 3.0 Dodging
 - Level 2.1 Stealth
 - Level 2.0 Spellcasting
 - Level 5.0 Charms
 + Level 6.0 Ice Magic
 - Level 4.0 Evocations


You had 5 spell levels left.
You knew the following spells:

 Your Spells              Type           Power        Failure   Level  Hunger
a - Freeze                Ice            ###.         1%          1    #......
b - Frozen Ramparts       Ice            ###...       4%          3    ###....
c - Ozocubu's Armour      Chrm/Ice       ###.....     6%          3    ###....

Your spell library contained the following spells:

 Spells                   Type           Power        Failure   Level  Hunger
 Hailstorm                Conj/Ice       ##......     50%         4    #####..
 Summon Ice Beast         Ice/Summ       ##......     50%         4    #####..


Dungeon Overview and Level Annotations

Branches:
Dungeon (6/15)             Temple (1/1) D:5

Altars:
Ashenzari
Fedhas
Gozag
Makhleb
Okawaru
Qazlal
Sif Muna
Wu Jian
The Shining One


Message History

The ice beast is heavily wounded.
The ice beast misses you.
You hit the ice beast but do no damage.
The ice beast is heavily wounded.
You closely miss the ice beast.
The ice beast is heavily wounded.
The ice beast hits you. The ice beast freezes you!!
You feel a terrible chill!
You hit the ice beast.
You feel better.
The ice beast is severely wounded.
The ice beast hits you. The ice beast freezes you!
You feel a terrible chill!
* * * LOW HITPOINT WARNING * * *
You puncture the ice beast!
The ice beast is almost dead.
You see here a mace.
You closely miss the ice beast.
The ice beast is almost dead.
The ice beast hits you.
* * * LOW HITPOINT WARNING * * *
The ice beast freezes you!!
You feel a terrible chill!
You die...

###.....### ..
####...###...#### .#
.....#.# #.#(÷÷.#.#
###
##.....#.#.......#
#..
...#.........#.##.#.#
÷.....##.##.....##.#
..###.#...#.###....#
#.# .... .... #.#..#
..# .#...#.# #.@Y.#
#.....##.##.....##.#
#..#.... ....#.###.#
#...... #.....#...#
#.##.# # #.......# .#
... ...##[...# #.
..## #.#.## .# #.#.#
.....


You could see an ice beast.

Vanquished Creatures
  Sigmund (D:5)
  Eustachio (D:6)
  An orc warrior (D:4)
  A necrophage (D:5)
  2 ogres (D:5)
  A phantom (D:6)
  A centaur (D:4)
  A scorpion (D:5)
  2 howler monkeys
  3 crimson imps (D:5)
  A hound (D:5)
  6 orc wizards
  2 orc priests (D:4)
  3 iguanas
  6 worker ants
  A worker ant zombie (D:5)
  11 gnolls
  A howler monkey skeleton (D:5)
  15 adders
  2 shadow imps (D:6)
  2 oozes
  2 adder skeletons
  5 worms
  6 leopard geckos
  16 orcs
  6 giant cockroaches
  11 goblins
  9 hobgoblins
  13 jackals
  17 kobolds
  2 quokkas (D:4)
  5 ball pythons
  8 bats
  3 frilled lizards
  A leopard gecko skeleton (D:4)
  A quokka skeleton (D:4)
  10 rats
179 creatures vanquished.

Notes
Turn   | Place    | Note
-------+----------+-------------------------------------------
     0 | D:1      | GeorgeSoros the Merfolk Ice Elementalist began the quest
                  | for the Orb.
     0 | D:1      | Reached XP level 1. HP: 13/13 MP: 3/3
   113 | D:1      | Reached XP level 2. HP: 20/20 MP: 3/5
   166 | D:1      | Reached skill level 1 in Fighting
  1095 | D:1      | Reached XP level 3. HP: 27/27 MP: 6/6
  1207 | D:2      | Reached skill level 5 in Ice Magic
  1217 | D:2      | Learned a level 3 spell: Frozen Ramparts
  1307 | D:2      | Reached XP level 4. HP: 26/34 MP: 7/7
  2084 | D:2      | Reached skill level 1 in Polearms
  2084 | D:2      | Reached XP level 5. HP: 37/41 MP: 4/8
  2523 | D:2      | Reached skill level 2 in Polearms
  3071 | D:3      | Found a stormy altar of Qazlal.
  3073 | D:3      | Noticed an air elemental
  3074 | D:3      | Noticed a fire elemental
  3074 | D:3      | Noticed a water elemental
  3089 | D:3      | Found an iron altar of Okawaru.
  3224 | D:3      | Reached XP level 6. HP: 48/48 MP: 2/9
  3352 | D:3      | Reached skill level 3 in Polearms
  3439 | D:3      | Reached skill level 1 in Evocations
  3882 | D:4      | Noticed an orc warrior
  3913 | D:4      | Reached skill level 4 in Polearms
  4242 | D:4      | Killed an orc warrior
  4242 | D:4      | Reached XP level 7. HP: 53/55 MP: 5/10
  4286 | D:4      | Found a shattered altar of Ashenzari.
  4371 | D:4      | Reached skill level 5 in Fighting
  4466 | D:4      | Reached skill level 5 in Polearms
  4507 | D:4      | Learned a level 3 spell: Ozocubu's Armour
  4755 | D:4      | Reached skill level 1 in Charms
  5157 | D:5      | Entered Level 5 of the Dungeon
  5158 | D:5      | Found a staircase to the Ecumenical Temple.
  5197 | Temple   | Entered the Ecumenical Temple
  5205 | Temple   | Became a worshipper of Makhleb the Destroyer
  5224 | D:5      | Reached XP level 8. HP: 58/63 MP: 4/11
  5226 | D:5      | Reached skill level 6 in Polearms
  5788 | D:5      | Reached * piety under Makhleb
  5794 | D:5      | Reached skill level 7 in Polearms
  5923 | D:5      | Noticed Sigmund
  5944 | D:5      | Found an ornate altar of the Wu Jian Council.
  5944 | D:5      | Found a stormy altar of Qazlal.
  5999 | D:5      | Killed Sigmund
  6493 | D:5      | Reached XP level 9. HP: 69/70 MP: 12/12
  6556 | D:5      | Found an opulent altar of Gozag.
  6556 | D:5      | Found a glowing golden altar of the Shining One.
  6561 | D:5      | Found a shimmering blue altar of Sif Muna.
  6563 | D:5      | Found a faded altar of an unknown god.
  6565 | D:5      | Found a faded altar of an unknown god.
  6767 | D:6      | Noticed Eustachio
  6789 | D:6      | Killed Eustachio
  6789 | D:6      | Reached skill level 8 in Polearms
  7106 | D:6      | Reached skill level 5 in Charms
  7208 | D:6      | Mangled by an ice beast

Illustrated notes

Levels and vault maps discovered:
D:1:      dpeg_arrival_orchard, layout_rooms, minmay_crystal_room
D:2:      minmay_angry_zag, layout_basic, first_ration
D:3:      layout_loops_ring, old_standard_altar, st_stairs_11,
          nicolae_qazlal_style_of_elements
D:4:      minmay_chambers_of_twos, layout_rooms, ashenzari_conservatory_becter
D:5:      corexii_shack_village, layout_basic,
          chequers_temple_overflow_minitemple,
          chequers_temple_overflow_statue_of_worship, temple_doors_e,
          uniq_sigmund
D:6:      layout_loops_ring, nicolae_ru_the_path_less_chosen,
          minmay_fractal_squares_5, uniq_eustachio, uniq_duvessa
Temple:   dpeg_chambers_temple

Skill      XL: |  1  2  3  4  5  6  7  8  9 |
---------------+----------------------------+-----
Dodging        | 3 |  3.0
Fighting       | 1 2 3 4 5 6 7 |  7.2
Ice Magic      | 5 6 |  6.0
Polearms       | 1 2 4 5 7 8 |  8.5
Evocations     | 2 3 4 |  4.0
Charms         | 1 4 5 |  5.0
Stealth        | |  2.1
Spellcasting   | |  2.0

Action                   |  1- 3 |  4- 6 |  7- 9 || total
-------------------------+-------+-------+-------++-------
Melee: Dagger            |   102 |   131 |     3 ||   236
       Spear             |       |       |   300 ||   300
 Cast: Freeze            |    26 |    69 |     2 ||    97
       Frozen Ramparts   |       |     7 |    27 ||    34
       Ozocubu's Armour  |       |       |     1 ||     1
  Use: Scroll            |     4 |     5 |     7 ||    16
 Stab: Sleeping          |     1 |     9 |     5 ||    15
  Eat: Chunk             |     2 |    11 |    13 ||    26
Armor: Robe              |    12 |    27 |    30 ||    69
Dodge: Dodged            |    73 |    83 |   121 ||   277
